 Dungeon Sprint DCSS version 0.29.1-15-g9cfb28693d (webtiles) character file.

Game seed: 16883535829585306693

39 Iago the Trooper (level 3, -7/36 HPs)
             Began as a Minotaur Fighter on Feb 24, 2023.
             Mangled by a gnoll sergeant
             ... wielding a +4 spear of pain
              (8 damage)
             ... in the Dungeon (Sprint IX: "|||||||||||||||||||||||||||||").
             The game lasted 00:01:22 (47 turns).

Iago the Trooper (Minotaur Fighter)                   Turns: 47, Time: 00:01:23

Health: -7/36      AC:  7    Str: 22    XL:     3   Next: 26%
Magic:  0/3        EV: 10    Int:  5    God:
Gold:   0          SH:  4    Dex:  9    Spells: 2/2 levels left

rFire   . . .      SeeInvis .     - Unarmed
rCold   . . .      Faith    .   b - +0 buckler
rNeg    . . .      Spirit   .   a - +0 scale mail
rPois   .          Reflect  .   (helmet restricted)
rElec   .          Harm     .   (no cloak)
rCorr   .          Rampage  .   (no gloves)
Will    .....      NoTele   +   (no boots)
Stlth   ..........              (no amulet)
HPRegen 0.12/turn               (no ring)
MPRegen 0.08/turn               (no ring)

@: no status effects
A: horns 2, retaliatory headbutt
a: no special abilities


You were in the Dungeon.
You visited 1 branch

Inventory:

Armour
 a - a +0 scale mail (worn)
 b - a +0 buckler (worn)
Scrolls
 i - a scroll of blinking
Potions
 c - a potion of might
 d - a potion of curing
 e - a potion of heal wounds
 f - a potion of haste
 g - 2 potions of magic
 h - a potion of berserk rage


   Skills:
 * Level 5.3 Fighting
 * Level 5.2 Armour
 * Level 1.9 Dodging
 * Level 5.2 Shields
 - Level 2.1 Unarmed Combat
 * Level 1.6 Invocations
 * Level 1.4 Evocations


You had 2 spell levels left.
You didn't know any spells.
Your spell library was empty.

Dungeon Overview and Level Annotations

Branches:
Dungeon (1/1)

Altars:


Innate Abilities, Weirdness & Mutations

You have a pair of horns on your head.
You reflexively headbutt those who attack you in melee.


Message History

You feel stronger. x2
You hit the orc.
The orc is lightly wounded.
The orc closely misses you.
You hit the orc. Your headbutt misses the orc.
The orc is heavily wounded.
The orc hits you but does no damage.
You barely miss the orc. Your headbutt misses the orc.
The orc is heavily wounded.
The orc hits you but does no damage.
You closely miss the orc.
The orc is moderately wounded.
You hit the orc.
The orc is severely wounded.
The orc hits you but does no damage.
You hit the orc.
You kill the orc!
You hit the phantom but do no damage. The phantom closely misses you.
You miss the phantom. The gnoll sergeant closely misses you.
You block the phantom's attack.
You hit the phantom but do no damage.
The gnoll sergeant completely misses you.
The phantom closely misses you.
You closely miss the phantom. You headbutt the phantom.
The phantom is lightly damaged.
The phantom barely misses you.
The gnoll sergeant hits you from afar with a +4 spear of pain!
You writhe in agony.
The phantom hits you.
* * * LOW HITPOINT WARNING * * *
The gnoll sergeant hits you from afar with a +4 spear of pain!
* * * LOW HITPOINT WARNING * * *
You writhe in agony.
* * * LOW HITPOINT WARNING * * *
You hit the phantom.
The phantom is moderately damaged.
You barely miss the phantom.
The phantom is moderately damaged.
The phantom hits you but does no damage.
The gnoll sergeant hits you from afar with a +4 spear of pain!
You die... ▓▓▓▓▓▓▓▓▓▓▓▓▓▓▓▓▓▓ +...cgW@....)...<▓ ▓▓▓▓▓▓▓▓▓▓▓▓▓▓▓▓▓▓

You could see a phantom, a gnoll sergeant and a centaur.

Vanquished Creatures
  A hound (D)
  An orc (D)
  A bat (D)
  2 goblins (D)
  A hobgoblin (D)
  A rat (D)
7 creatures vanquished.

Notes
Turn   | Place    | Note
-------+----------+-------------------------------------------
     0 | D        | Iago the Minotaur Fighter began the quest for the Orb.
     0 | D        | Reached XP level 1. HP: 19/19 MP: 0/0
    26 | D        | Noticed a centaur
    26 | D        | Noticed a gnoll sergeant
    26 | D        | Noticed a phantom
    26 | D        | Noticed a hound
    35 | D        | Killed a hound
    36 | D        | Reached skill level 5 in Fighting
    36 | D        | Reached skill level 5 in Armour
    36 | D        | Reached skill level 1 in Dodging
    36 | D        | Reached skill level 5 in Shields
    36 | D        | Reached skill level 1 in Invocations
    36 | D        | Reached skill level 1 in Evocations
    36 | D        | Reached XP level 2. HP: 21/29 MP: 0/2
    36 | D        | Reached XP level 3. HP: 27/36 MP: 0/3
    45 | D        | HP: 1/36 [gnoll sergeant/+4 spear of pain (2)]
    47 | D        | Mangled by a gnoll sergeant

Illustrated notes

Levels and vault maps discovered:
D:        linesprint [early_d, line_temple, items_1, d_10, items_2, lair_1,
          lair_end, items_3, orc_1, orc_end, items_4, d_15, swamp_1, shoals_1,
          snake_1, spider_1, d_20, vaults_1, items_5, swamp_end, shoals_end,
          snake_end, spider_end, vaults_end, d_27, items_6, zot_1, zot_end,
          crypt_end, forest_end, elf_end, slime_end, tomb_end, abyss_end,
          pan_hell_end]

Skill      XL: |  1 |
---------------+----+-----
Fighting       | 5 |  5.3
Armour         | 5 |  5.2
Shields        | 5 |  5.2
Dodging        | 1 |  1.9
Invocations    | 1 |  1.6
Evocations     | 1 |  1.4
Unarmed Combat | |  2.1

Action                   || total
-------------------------++-------
Melee: Unarmed           ||    37
       Headbutt          ||     5
Armor: Scale mail        ||    18
Dodge: Dodged            ||    16
Block: Buckler           ||     3
